 Dungeon Crawl Stone Soup version 0.32-a0-931-g5a2cda0630 (webtiles) character file.

Game seed: 12973817650111107435

43 Meejax the Cudgeller (level 3, 27/27 HPs)
             Began as a Demonspawn Gladiator on Apr 13, 2024.
             Got out of the dungeon alive.
             The game lasted 00:01:19 (648 turns).

Meejax the Cudgeller (Demonspawn Gladiator)          Turns: 648, Time: 00:01:20

Health: 27/27      AC:  4    Str: 16    XL:     3   Next: 37%
Magic:  3/3        EV: 11    Int:  8    God:
Gold:   21         SH:  0    Dex: 16    Spells: 2/2 levels left

rFire   . . .        a - +0 flail
rCold   . . .        (no shield)
rNeg    . . .        b - +0 leather armour
rPois   .            c - +0 helmet
rElec   .            (no cloak)
rCorr   .            (no gloves)
SInv    .            (no boots)
Will    .....        i - amulet of faith
Stlth   +++          (no ring)
HPRegen 0.24/turn    (no ring)
MPRegen 0.08/turn

%: faith
@: wreathed by umbra
A: thin skeletal structure 1, foul shadow 1
a: no special abilities


You escaped.
You visited 1 branch of the dungeon, and saw 2 of its levels.

You collected 21 gold pieces.

Inventory:

Hand Weapons
 a - a +0 flail (weapon)
 m - a +0 whip
Missiles
 d - 3 throwing nets (quivered)
 e - a javelin
Armour
 b - a +0 leather armour (worn)
 c - a +0 helmet (worn)
Jewellery
 i - an amulet of faith (around neck)
Scrolls
 f - a scroll of enchant armour {unknown}
 h - a scroll of teleportation {unknown}
 j - a scroll of fog {unknown}
 l - a scroll of immolation {unknown}
 n - a scroll of identify {unknown}
Potions
 g - a potion of lignification {unknown}
 k - a potion of cancellation {unknown}
 o - a potion of attraction {unknown}


   Skills:
 + Level 2.1 Fighting
 + Level 3.5 Maces & Flails
 + Level 2.0 Throwing
 + Level 0.2 Armour
 + Level 3.0 Dodging


You had 2 spell levels left.
You didn't know any spells.
Your spell library contained the following spells:

 Spells                   Type           Power      Damage    Failure   Level
 Shock                    Conj/Air       0%         1d3       47%         1
 Swiftness                Air            0%         N/A       85%         3
 Airstrike                Air            0%         2d(0-16)  99%         4


Dungeon Overview and Level Annotations

Branches:
Dungeon (2/15)

Altars:


Innate Abilities, Weirdness & Mutations

You have a somewhat thin skeletal structure. (Dex +2, Stealth+)
You are faintly shadowed, very rarely releasing foul flame when damaged in melee.


Message History

The gnoll closely misses you. The gnoll misses you.
You sock the gnoll!
You kill the gnoll!
Things that are here:
a +0 spear; a gnoll corpse
o - a fuming dark potion You now have 12 gold pieces (gained 5).
Items here: ))) †.
Found an escape hatch in the floor.
A quokka comes into view.
A quokka is nearby!
Found 9 gold pieces.
The helpless quokka fails to defend itself.
You hit the quokka.
The quokka is moderately wounded.
The quokka bites you but does no damage.
You closely miss the quokka.
The quokka is moderately wounded.
The quokka barely misses you. x2
You hit the quokka.
You kill the quokka!
You see here a quokka corpse.
Found a stone staircase leading down.
You now have 21 gold pieces (gained 9).
A goblin comes into view. It is wielding a +0 club.
A goblin is nearby!
A goblin is nearby!
The goblin shouts!
You hit the goblin but do no damage. The goblin hits you but does no damage.
The goblin misses you.
You sock the goblin!
You kill the goblin!
You see here a +0 club.
You see here a +0 club.
You see here a +0 hand axe.
There is an open door here.
There is an open door here.
There is an open door here.
There is a staircase leading out of the dungeon here.
You have escaped!

####....########.########....#..^
.......## ###.......### ##...#...
......## #...........## ##..#...
......# #....#####....## #..#...
......# #...#########...# #.(#...
.....## #.. #.......##..####.#...
##...# .. #..##'##..#...# #.####
##..# #...##.##..# #.# #..# #
#.@.##.##..# #.# ##.# #.
#...##.##..# #.# #.#
#..#####..#...# #.# #.## .
#.......##..####.#### #..#
...####.####...# #...... #..#
#....##'##....## #...... ####..##
#...........## ##...... #......##
###.......### ##.......
#.##....#################........


There were no monsters in sight!

Vanquished Creatures
  A gnoll (D:1)
  2 endoplasms (D:1)
  2 giant cockroaches (D:1)
  3 goblins (D:1)
  4 hobgoblins (D:1)
  4 kobolds (D:1)
  4 quokkas (D:1)
  4 ball pythons (D:1)
  A bat (D:1)
  2 frilled lizards (D:1)
  A rat (D:1)
28 creatures vanquished.

Notes
Turn   | Place    | Note
-------+----------+-------------------------------------------
     0 | D:1      | Meejax the Demonspawn Gladiator began the quest for the
                  | Orb.
     0 | D:1      | Reached XP level 1. HP: 16/16 MP: 1/1
   155 | D:1      | Gained mutation: You are faintly shadowed, very rarely
                  | releasing foul flame when damaged in melee. [demonic
                  | ancestry]
   155 | D:1      | Reached XP level 2. HP: 22/22 MP: 2/2
   260 | D:1      | You fall into a shaft and drop 1 floor!
   370 | D:1      | Gained mutation: You have a somewhat thin skeletal
                  | structure. (Dex +2, Stealth+) [demonic ancestry]
   370 | D:1      | Reached XP level 3. HP: 8/27 MP: 3/3
   648 | D:$      | Got out of the dungeon alive.

Illustrated notes

Levels and vault maps discovered:
D:1:      dpeg_arrival_concentric_ovals, layout_basic, st_stairs_3
D:2:      layout_basic, chequers_ecumenical_altar_simple_redux,
          minmay_tromino_v4_a

Skill      XL: |  1  2 |
---------------+-------+-----
Maces & Flails | 3 |  3.5
Dodging        | 3 |  3.0
Throwing       | 2 |  2.0
Fighting       | |  2.1
Armour         | |  0.2

Action                     || total
---------------------------++-------
  Melee: Flail             ||    71
   Stab: Sleeping          ||     2
 Armour: Leather armour    ||    48
  Dodge: Dodged            ||    84

Table legend: (Time is in decaauts)
 A = Elapsed time spent in this place.
 B = Non-inter-level travel time spent in this place.
 C = Inter-level travel time spent in this place.
 D = Time resting spent in this place.
 E = Time spent auto-exploring this place.
 F = Levels seen in this place.
 G = Mean time per level.
                   A        B        C        D        E       F      G
               +--------+--------+--------+--------+--------+-----+--------+
         Total |    665 |    585 |     80 |      0 |    366 |   2 |  332.5 |
       Dungeon |    665 |    585 |     80 |      0 |    366 |   2 |  332.5 |
               +--------+--------+--------+--------+--------+-----+--------+

Top non-repeatable levels by time:
     D:1: 661 daAuts
     D:2: 3 daAuts
